Map: [ESL] Hecate

Players

Classic - Winner!

  • Race: Protoss Protoss
  • Spawn Location: 7:00

GunGFuBanDa

  • Race: Protoss Protoss
  • League: Master
  • Spawn Location: 1:00

Event: IEM Katowice 2024

VOD

Have the link to the VOD?

Description

Time

  • Played on: Dec. 7, 2023, 2:45 p.m.
  • Length: 12:30

All games in this series

Show
View Real Time Build Order
Export as new Build Order

Classic Protoss - Winner!

Build Orders: Oracle Opening, Phoenix Opening, Archon Immortal 

Get SALT Encoding   

  12  0:00  Probe  
  13  0:12  Probe  
  14  0:17  Pylon  
  14  0:24  Probe  
  15  0:35  Gateway  
  15  0:37  Probe (Chrono Boost)  
  16  0:47  Assimilator, Probe (Chrono Boost)  
  17  0:52  Probe (Chrono Boost)  
  18  0:57  Assimilator  
  18  1:03  Probe (Chrono Boost)  
  19  1:08  Gateway  
  19  1:13  Probe (Chrono Boost)  
  19  1:18  Probe (Chrono Boost)  
  20  1:25  Cybernetics Core  
  21  1:30  Probe  
  22  1:36  Pylon  
  22  1:42  Probe  
  23  2:01  Stargate  
  23  2:02  Stalker  
  25  2:08  Stalker  
  27  2:17  Pylon  
  27  2:20  Warp Gate  
  27  2:46  Oracle (Chrono Boost)  
  30  2:55  Stalker  
  32  3:04  Stalker  
  34  3:06  Shield Battery  
  34  3:22  Shield Battery  
  34  3:26  Nexus  
  34  3:29  Pylon  
  31  3:50  Probe (Chrono Boost)  
  31  3:53  Phoenix  
  30  4:01  Probe (Chrono Boost)  
  31  4:06  Probe (Chrono Boost)  
  32  4:16  Probe (Chrono Boost)  
  33  4:23  Robotics Facility  
  33  4:28  Probe (Chrono Boost)  
  34  4:34  Probe (Chrono Boost)  
  35  4:40  Probe (Chrono Boost)  
  37  4:46  Probe (Chrono Boost)  
  38  4:52  Sentry, Probe (Chrono Boost)  
  38  4:53  Sentry  
  38  4:58  Probe (Chrono Boost)  
  38  4:59  Probe (Chrono Boost)  
  45  5:07  Probe x2  
  45  5:11  Observer  
  45  5:13  Forge  
  47  5:19  Probe (Chrono Boost)  
  49  5:23  Probe (Chrono Boost)  
  49  5:30  Probe (Chrono Boost)  
  49  5:32  Immortal  
  49  5:34  Probe (Chrono Boost)  
  49  5:35  Probe (Chrono Boost), Pylon  
  55  5:39  Protoss Ground Weapons Level 1 (Chrono Boost)  
  56  5:45  Probe (Chrono Boost)  
  56  5:47  Probe (Chrono Boost)  
  58  5:50  Assimilator  
  58  5:52  Assimilator  
  58  5:56  Probe (Chrono Boost)  
  60  5:59  Probe (Chrono Boost)  
  60  6:01  Probe (Chrono Boost)  
  61  6:07  Probe  
  62  6:12  Probe  
  62  6:17  Immortal  
  67  6:19  Probe  
  67  6:22  Pylon  
  67  6:24  Probe  
  67  6:25  Twilight Council  
  69  6:31  Probe  
  70  6:36  Gateway  
  70  6:37  Gateway  
  70  6:43  Pylon  
  70  6:56  Immortal  
  60  7:01  Charge  
  74  7:04  Templar Archives  
  74  7:13  Nexus  
  73  7:20  Gateway x2  
  73  7:21  Protoss Ground Weapons Level 2 (Chrono Boost)  
  73  7:30  Gateway  
  73  7:33  Gateway  
  73  7:41  Immortal  
  77  7:47  High Templar x2  
  77  7:51  Pylon  
  81  7:58  Archon  
  81  8:02  Zealot x2  
  81  8:03  Pylon  
  85  8:05  Pylon  
  85  8:17  Pylon  
  85  8:18  Zealot  
  87  8:20  Warp Prism  
  88  8:27  Zealot x3  
  88  8:33  Zealot x2  
  95  8:36  Probe x2  
  95  8:40  Probe  
  97  8:50  High Templar x4  
  103  8:55  Archon  
  103  9:05  Zealot x4, Archon  
  111  9:31  Zealot x8  
  116  9:57  Zealot  
  116  9:58  Zealot x6  
  128  10:02  Zealot  
  126  10:20  High Templar x3  
  132  10:23  Pylon  
  132  10:24  Archon  
  132  10:25  High Templar, Pylon  
  132  10:29  Archon  
  126  10:36  High Templar x4  
  126  10:41  Archon x2  
  126  10:58  Zealot x3  
  126  10:59  Zealot  
  134  11:05  Pylon  
  134  11:09  High Templar x2  
  134  11:10  Zealot x2  
  142  11:14  Archon  
  140  11:28  Probe x3  
  140  11:29  High Templar  
  140  11:30  High Templar  
  140  11:32  Stalker  
  146  11:37  Archon  
  146  11:38  Pylon  
  136  11:48  Zealot x4  
  136  11:49  Zealot  
  106  12:05  Zealot x3  
  98  12:09  Zealot x2  
  98  12:13  Zealot  
Show
View Real Time Build Order
Export as new Build Order

GunGFuBanDa Protoss 

Build Orders: Oracle Opening, Phoenix Opening 

Get SALT Encoding   

  12  0:00  Probe  
  13  0:12  Probe  
  14  0:17  Pylon  
  14  0:24  Probe (Chrono Boost)  
  15  0:36  Probe (Chrono Boost)  
  15  0:37  Gateway  
  16  0:44  Probe (Chrono Boost)  
  16  0:47  Assimilator  
  17  0:50  Probe  
  17  0:54  Assimilator  
  18  1:03  Probe (Chrono Boost)  
  19  1:06  Gateway  
  20  1:12  Probe (Chrono Boost)  
  20  1:17  Probe (Chrono Boost)  
  20  1:25  Cybernetics Core  
  21  1:29  Probe  
  22  1:38  Pylon  
  22  1:41  Probe  
  23  2:02  Adept x2  
  23  2:04  Stargate  
  23  2:08  Warp Gate  
  27  2:17  Pylon  
  27  2:18  Probe  
  28  2:34  Stalker  
  30  2:46  Oracle (Chrono Boost)  
  30  2:50  Stalker  
  34  2:55  Probe  
  35  2:59  Pylon  
  35  3:22  Oracle  
  38  3:40  Nexus  
  37  3:51  Probe  
  38  3:57  Stalker x2  
  38  3:59  Phoenix  
  44  4:06  Pylon  
  44  4:13  Probe  
  45  4:25  Probe  
  45  4:26  Shield Battery  
  46  4:31  Twilight Council  
  46  4:37  Probe (Chrono Boost)  
  47  4:49  Probe (Chrono Boost)  
  47  4:50  Stalker x2  
  52  4:57  Probe (Chrono Boost)  
  52  4:59  Probe (Chrono Boost)  
  54  5:03  Blink (Chrono Boost)  
  54  5:05  Probe (Chrono Boost)  
  56  5:09  Probe (Chrono Boost)  
  56  5:11  Probe (Chrono Boost)  
  57  5:19  Stalker, Probe  
  60  5:24  Probe  
  60  5:28  Pylon  
  61  5:31  Probe  
  62  5:46  Probe x2  
  62  5:48  Stalker  
  62  5:49  Sentry  
  68  5:52  Pylon  
  68  5:58  Probe x2  
  70  6:05  Nexus  
  70  6:11  Probe  
  67  6:27  Stalker x2, Probe x2  
  67  6:30  Forge  
  67  6:32  Gateway, Assimilator  
  73  6:39  Probe x2  
  75  6:50  Shield Battery  
  75  6:51  Probe x2  
  77  6:59  Protoss Ground Weapons Level 1 (Chrono Boost)  
  77  7:00  Pylon  
  77  7:03  Probe, Pylon  
  77  7:05  Photon Cannon  
  78  7:18  Probe (Chrono Boost)  
  78  7:19  Stalker x2  
  78  7:22  Probe x2 (Chrono Boost)  
  85  7:24  Photon Cannon  
  85  7:27  Probe (Chrono Boost)  
  88  7:30  Probe x2 (Chrono Boost)  
  88  7:32  Gateway, Probe (Chrono Boost)  
  88  7:34  Gateway  
  89  7:39  Stalker  
  89  7:41  Probe x2  
  89  7:43  Photon Cannon  
  93  7:44  Probe  
  94  8:04  Probe (Chrono Boost)  
  94  8:05  Charge, Probe (Chrono Boost)  
  97  8:09  Probe (Chrono Boost)  
  97  8:10  Gateway  
  97  8:13  Gateway  
  97  8:15  Stalker x3  
  97  8:16  Probe (Chrono Boost)  
  97  8:18  Robotics Facility, Probe (Chrono Boost)  
  105  8:20  Pylon  
  105  8:28  Pylon  
  105  8:32  Probe x2  
  101  8:35  Probe  
  101  8:38  Nexus  
  100  8:42  Sentry, Stalker x3  
  100  8:44  Probe x2  
  110  8:51  Pylon  
  110  8:58  Stalker  
  112  9:02  Gateway  
  112  9:03  Protoss Ground Weapons Level 2 (Chrono Boost)  
  112  9:09  Observer  
  113  9:13  Gateway  
  113  9:14  Probe  
  113  9:16  Pylon  
  114  9:22  Stalker x6  
  126  9:26  Probe  
  126  9:27  Assimilator, Shield Battery  
  117  9:44  Shield Battery  
  117  9:45  Shield Battery  
  113  9:46  Stalker x5  
  123  9:55  Zealot  
  118  10:01  Pylon  
  111  10:16  Stalker x5  
  111  10:17  Zealot x3  
  111  10:19  Zealot  
  129  10:24  Shield Battery  
  129  10:35  Shield Battery  
  124  10:42  Zealot x3  
  129  10:45  Stalker x3  
  129  10:46  Stalker  
  137  10:55  Pylon  
  114  11:12  Stalker x5  
  120  11:26  Zealot  
  120  11:27  Zealot x2  
  120  11:29  Pylon  
  120  11:30  Pylon  
  126  11:42  Assimilator  
  120  11:49  Zealot x2  
  120  11:50  Zealot x6  
  112  11:56  Probe  
  59  12:12  Zealot  
  59  12:13  Zealot x3  

Tags
 
Add a new tag
Caveats
  • Supply blocks, unpowered buildings, or Contaminate may cause inaccurate times.
  • Supply counts are checked every 10 seconds.